 Dungeon Crawl Stone Soup version 0.20.0-4-g10b340a (webtiles) character file.

167 Jumanji the Cudgeler (level 5, -1/45 HPs)
             Began as a Minotaur Fighter on May 27, 2017.
             Slain by an orc wizard
             ... wielding a +0 dagger
              (2 damage)
             ... on level 4 of the Dungeon.
             The game lasted 00:07:32 (2508 turns).

Jumanji the Cudgeler (Minotaur Fighter)             Turns: 2508, Time: 00:07:33

Health: -1/45      AC:  6    Str: 21    XL:     5   Next: 23%
Magic:  4/4        EV:  7    Int:  5    God:
Gold:   201        SH:  0    Dex: 10    Spells: 4/4 levels left

rFire    . . .     SeeInvis .   a - +0 flail
rCold    . . .     Gourm    .   c - +0 shield
rNeg     . . .     Faith    .   b - +0 scale mail
rPois    .         Spirit   .   (helmet restricted)
rElec    .         Reflect  .   (no cloak)
rCorr    .         Harm     .   (no gloves)
MR       .....                  (no boots)
Stlth    ..........             (no amulet)
Regen    0.2/turn               (no ring)
MPRegen  0.1/turn               (no ring)

@: confused
A: retaliatory headbutt, horns 2
a: no special abilities


You were on level 4 of the Dungeon.
You were very hungry.

You visited 1 branch of the dungeon, and saw 4 of its levels.

You collected 201 gold pieces.

Inventory:

Hand Weapons
 a - a +0 flail (weapon)
Armour
 b - a +0 scale mail (worn)
 c - a +0 shield (worn)
 i - a +0 pair of gloves
Jewellery
 u - an uncursed ring of protection from fire {unknown}
Scrolls
 e - 4 scrolls of teleportation {unknown}
 g - a scroll of remove curse {unknown}
 j - a scroll of recharging {unknown}
 m - 3 scrolls of magic mapping {unknown}
 p - a scroll of enchant weapon {unknown}
 q - a scroll of identify {unknown}
Potions
 d - 2 potions of might
 h - 2 potions of lignification {unknown}
 l - a potion of curing {unknown}
 o - 2 potions of haste {unknown}
 r - a potion of heal wounds {unknown}
 s - a potion of degeneration {unknown}
 t - a potion of agility {unknown}
Comestibles
 f - 2 bread rations
 k - 2 meat rations
 n - a royal jelly


   Skills:
 - Level 3.6 Fighting
 + Level 6.6 Maces & Flails
 - Level 3.6 Armour
 - Level 3.6 Shields


You had 4 spell levels left.
You didn't know any spells.

Dungeon Overview and Level Annotations

Branches:
Dungeon (4/15)
 Temple: D:4-7

Altars:
Ashenzari
Cheibriados
Dithmenos
Elyvilon
Qazlal
Sif Muna
Xom
Zin

Annotations:
D:4 Grinder, Menkaure


Innate Abilities, Weirdness & Mutations

You reflexively headbutt those who attack you in melee.
You have a pair of horns on your head.


Message History

The orc wizard closely misses you.
The orc priest hits you with a hand axe.
* * * LOW HITPOINT WARNING * * *
Your shield and scale mail prevent you from hitting the orc priest.
The orc hits you but does no damage. The orc wizard hits you with a dagger.
* * * LOW HITPOINT WARNING * * *
The orc priest hits you with a hand axe.
* * * LOW HITPOINT WARNING * * *
Unknown command.
Unknown command.
Unknown command.
You bump into the rock wall.
The orc priest hits you but does no damage.
The orc hits you but does no damage. The orc wizard closely misses you.
The orc priest hits you with a hand axe.
* * * LOW HITPOINT WARNING * * *
The orc hits you with a dagger.
* * * LOW HITPOINT WARNING * * *
The orc wizard hits you with a dagger.
You die...

..# oM##
. o(. ..
##o#
..###
#..#
...[##
#.##
#..####.#
#.......#
#..o@.###
#.ooo.#
#######


You could see 2 orc priests, an orc wizard and an orc.

Vanquished Creatures
  A hound (D:3)
  Natasha (thrice) (D:2)
  An adder (D:2)
  A worm (D:3)
  A leopard gecko (D:3)
  6 bats
  4 giant cockroaches
  11 hobgoblins
  2 quokkas (D:3)
  4 frilled lizards
  5 goblins
  3 kobolds
  9 rats
51 creatures vanquished.

Notes
Turn   | Place    | Note
-------+----------+-------------------------------------------
     0 | D:1      | Jumanji the Minotaur Fighter began the quest for the Orb.
     0 | D:1      | Reached XP level 1. HP: 19/19 MP: 0/0
   108 | D:1      | Reached skill level 3 in Maces & Flails
   219 | D:1      | Reached XP level 2. HP: 26/26 MP: 1/1
  1076 | D:2      | Reached skill level 4 in Maces & Flails
  1279 | D:2      | Noticed Natasha
  1280 | D:2      | Noticed a crimson imp
  1286 | D:2      | Killed Natasha
  1286 | D:2      | Reached XP level 3. HP: 21/31 MP: 2/2
  1421 | D:2      | Noticed Natasha
  1426 | D:2      | Killed Natasha
  1426 | D:2      | Reached skill level 5 in Maces & Flails
  1426 | D:2      | Reached XP level 4. HP: 37/39 MP: 3/3
  1452 | D:2      | Noticed Natasha
  1459 | D:2      | Killed Natasha
  1631 | D:3      | Reached skill level 6 in Maces & Flails
  1633 | D:3      | Found a stormy altar of Qazlal.
  1640 | D:3      | Found a snail-covered altar of Cheibriados.
  1640 | D:3      | Found a shadowy altar of Dithmenos.
  1640 | D:3      | Found a shattered altar of Ashenzari.
  1640 | D:3      | Found a glowing silver altar of Zin.
  1641 | D:3      | Found a white marble altar of Elyvilon.
  1641 | D:3      | Found a shimmering altar of Xom.
  1784 | D:3      | Reached XP level 5. HP: 35/45 MP: 4/4
  1821 | D:3      | Found a deep blue altar of Sif Muna.
  2308 | D:4      | Noticed Menkaure
  2329 | D:4      | Noticed Grinder
  2329 | D:4      | Noticed a phantom
  2345 | D:4      | Paralysed by Grinder for 5 turns
  2507 | D:4      | HP: 2/45 [orc priest/hand axe (3)]
  2508 | D:4      | Slain by an orc wizard

Skill      XL: |  1  2  3  4 |
---------------+-------------+-----
Maces & Flails | 3 4 5 6 |  6.6
Fighting       | |  3.6
Armour         | |  3.6
Shields        | |  3.6

Action                   |  1- 3 |  4- 6 || total
-------------------------+-------+-------++-------
Melee: Flail             |    62 |    65 ||   127
       Headbutt          |     5 |    14 ||    19
  Eat: Chunk             |       |     4 ||     4
Armor: Scale mail        |    31 |    34 ||    65
Dodge: Dodged            |    13 |    12 ||    25
Block: Shield            |    30 |    31 ||    61
